 Dungeon Crawl Stone Soup version 0.28-a0-628-g3c9886e45e (webtiles) character file.

Game seed: 8214063956217568313

28155 senseless the Protected (level 13, 0/125 HPs)
             Began as a Minotaur Fighter on Oct 2, 2021.
             Was a Priest of the Shining One.
             Slain by an orc warlord (20 damage)
             ... on level 2 of the Orcish Mines on Oct 8, 2021.
             The game lasted 00:33:09 (15173 turns).

senseless the Protected (Minotaur Fighter)         Turns: 15173, Time: 00:33:09

Health: 0/125      AC: 20    Str: 26    XL:     13   Next: 8%
Magic:  12/12      EV: 11    Int:  5    God:    the Shining One [***...]
Gold:   1225       SH: 11    Dex: 10    Spells: 12/12 levels left

rFire   . . .      SeeInvis .   r - +4 broad axe (elec)
rCold   . . .      Faith    .   B - +0 kite shield
rNeg    + . .      Spirit   .   P - +0 plate armour {Will+}
rPois   .          Reflect  .   (helmet restricted)
rElec   .          Harm     .   n - scarf {repulsion}
rCorr   .          Rampage  .   (no gloves)
Will    +....                   (no boots)
Stlth   ..........              A - amulet of regeneration
HPRegen 1.30/turn               m - +4 ring of evasion
MPRegen 0.13/turn               N - +4 ring of protection

@: lethally poisoned (0 -> -3), glowing, repel missiles
A: horns 2, retaliatory headbutt
a: Renounce Religion, Divine Shield


You were on level 2 of the Orcish Mines.
You worshipped the Shining One.
The Shining One was most pleased with you.
You visited 3 branches of the dungeon, and saw 16 of its levels.
You also visited: Ossuary and Volcano.

You collected 1225 gold pieces.

Inventory:

Hand Weapons
 a - a +0 war axe
 r - a +4 broad axe of electrocution (weapon)
 x - a +6 spear
 H - a +3 whip
 R - a +2 demon blade of flaming
Missiles
 e - 5 silver javelins (quivered)
 E - 2 throwing nets
Armour
 b - a +1 scale mail
 c - a +0 buckler
 n - a scarf of repulsion (worn)
 u - +0 steam dragon scales
 B - a +0 kite shield (worn)
 C - the +0 ring mail "Nunes" {+Blink rC++ Regen+ Int+3}
   (You found it on level 7 of the Dungeon)

   Int:       It affects your intelligence (+3).
   rC:        It greatly protects you from cold.
   +Blink:    It lets you blink.
   Regen:     It increases your rate of health regeneration.
 G - +0 acid dragon scales
 K - quicksilver dragon scales
 P - a +0 plate armour of willpower (worn)
 S - a +4 scale mail of fire resistance
Jewellery
 d - a ring of wizardry
 m - a +4 ring of evasion (left hand)
 A - an amulet of regeneration (around neck)
 N - a +4 ring of protection (right hand)
Wands
 s - a wand of acid (8)
 t - a wand of paralysis (18)
 v - a wand of digging (11)
 z - a wand of polymorph (9)
 D - a wand of iceblast (19)
 J - a wand of flame (22)
 L - a wand of mindburst (6)
Scrolls
 g - 5 scrolls of teleportation
 o - a scroll of amnesia
 q - 2 scrolls of magic mapping
 y - a scroll of blinking
 I - a scroll of fear
 Q - a scroll of vulnerability {unknown}
Potions
 f - 5 potions of magic
 h - 2 potions of invisibility {unknown}
 i - 2 potions of haste {unknown}
 j - 2 potions of mutation
 k - 4 potions of curing
 l - a potion of ambrosia
 p - 2 potions of might
 w - a potion of flight
 F - 2 potions of brilliance
 M - a potion of berserk rage {unknown}
 O - a potion of attraction {unknown}


   Skills:
 + Level 14.4 Fighting
 + Level 14.2 Axes
 + Level 14.4 Armour
 + Level 11.7 Shields


You had 12 spell levels left.
You didn't know any spells.
Your spell library contained the following spells:

 Spells                   Type           Power      Damage    Failure   Level
 Sting                    Tmut/Pois      0%         1d3       99%         1
 Ozocubu's Armour         Ice            0%         N/A       100%        3
 Leda's Liquefaction      Hex/Erth       0%         N/A       100%        4
 Petrify                  Tmut/Erth      0%         N/A       100%        4
 Metabolic Englaciation   Hex/Ice        0%         N/A       100%        5
 Summon Forest            Summ/Tloc      0%         N/A       100%        5
 Summon Mana Viper        Hex/Summ       0%         N/A       100%        5
 Yara's Violent Unravell  Hex/Tmut       0%         3d3       100%        5
 Simulacrum               Ice/Necr       0%         N/A       100%        6
 Statue Form              Tmut/Erth      0%         N/A       100%        6
 Summon Cactus Giant      Summ           0%         N/A       100%        6


Dungeon Overview and Level Annotations

Branches:
Dungeon (13/15)            Temple (1/1) D:7            Lair (0/6) D:10
    Orc (2/2) D:11        Ossuary (visited)         Volcano (visited)
    Elf: Orc:2       Vaults: D:13-14

Altars:
Cheibriados
Elyvilon
Fedhas
Gozag
Hepliaklqana
Makhleb
Nemelex Xobeh
Okawaru
Qazlal
Uskayaw
Yredelemnul
The Shining One
Beogh

Shops:
D:5 [   D:9 *   D:12 *

Portals:
Trove: D:10 (give horn of Geryon)

Annotations:
D:9 2 transporters, bmj180's ghost, journeyman DrCj
D:13 1 runed translucent door, yegreS's ghost, journeyman MiFi


Innate Abilities, Weirdness & Mutations

You have a pair of horns on your head.
You reflexively headbutt those who attack you in melee.


Message History

The troll barely misses you. You furiously retaliate!
You headbutt the troll. You block the troll's attack. The troll claws you!
You block the orc warlord's attack. The orange demon stings you from afar!
The smoke demon gestures at you. The ball of steam hits you!
You slash the troll! Lightning courses through the troll!
You kill the troll!
You slash the smoke demon! The orc warlord blocks your attack.
You are engulfed in a cloud of scalding steam.
You block the orc warlord's attack.
The orange demon stings you but does no damage.
The smoke demon gestures at you. Something smites you!
You are too injured to fight recklessly!
You are too injured to fight recklessly!
Unknown command.
You are too injured to fight recklessly!
The orc warlord blocks your attack.
You slash the orc sorcerer! You slash the smoke demon!
You are engulfed in a cloud of scalding steam.
* * * LOW HITPOINT WARNING * * *
You block the orc sorcerer's attack. The orange demon stings you from afar.
* * * LOW HITPOINT WARNING * * *
You are poisoned.
The orange demon poisons you!
You feel extremely sick. You block the orc sorcerer's attack.
The orc hits you but does no damage.
You see here a +0 morningstar.
You feel very sick.
The orc sorcerer mumbles some strange words.
You block the orc warlord's attack.
You feel very sick.
The sixfirhy hits you but does no damage.
The sixfirhy closely misses you. The orc warlord blocks your attack.
You hit the smoke demon. You closely miss the sixfirhy.
You feel very sick. You block the sixfirhy's attack.
The sixfirhy closely misses you.
The orc warlord hits you with a +0 long sword!!
You die...

##........#.######........
#.........## #.........
##..#....## ##........
#..<##...## #........
##.####.#.## # ####...##
### #.....#.## ##### #
#####...#...#
##.#...#o......#
#.....o3@.....##
##.#..o#3#.$..#
#$.oo4.....##
#.....#......#
#...........##
.......#..$...#
........##....## .........
...## ......... ...#


You could see an orc warlord, an orange demon (summoned), a sixfirhy (summoned),
a smoke demon (summoned), an orc sorcerer (strong), an orc warrior (strong) and
an orc (strong).

Vanquished Creatures
  4 hydras
  A centaur warrior (Volcano)
  3 death yaks (D:10)
  2 two-headed ogres
  An orc high priest (Orc:1)
  A tengu warrior (D:13)
  A hell knight (Volcano)
  Pikel (D:9)
  A deep elf pyromancer (D:12)
  3 cyclopes
  An orc sorcerer (Orc:1)
  A manticore (D:13)
  3 ugly things
  2 gargoyles
  Maggie (D:6)
  A komodo dragon (D:12)
  2 yaktaurs (Volcano)
  2 unseen horrors
  Psyche (D:9)
  A tengu conjurer (D:13)
  Grinder (D:3)
  A meliai (D:13)
  9 trolls
  A hornet (D:10)
  4 slime creatures (D:12)
  21 yaks
  A vampire (D:10)
  A wyvern (D:8)
  A wraith (D:12)
  2 humans (D:7)
  3 fire bats (Orc:2)
  2 steam dragons (D:7)
  2 wargs
  3 acid dragons
  6 orc warriors
  A black bear (D:6)
  3 ogres
  A necrophage (D:5)
  14 centaurs
  2 kobold brigands
  Blork the orc (D:4)
  5 bullfrogs
  4 gnoll sergeants
  2 water moccasin skeletons
  10 killer bees (D:13)
  4 wights (D:6)
  7 centaur zombies
  A centaur skeleton (D:6)
  A gnoll shaman (D:5)
  2 jellies
  8 orc priests
  2 hounds
  5 iguanas
  Ijyb (D:5)
  21 orc wizards
  2 hound skeletons (D:5)
  6 mummies (Ossuary)
  Robin (D:3)
  27 gnolls
  7 adders
  A river rat (D:10)
  A shadow imp (D:7)
  An ufetubus (D:7)
  An adder zombie (D:5)
  A worm (D:4)
  A dart slug (D:2)
  50 orcs
  4 bats
  7 endoplasms
  7 giant cockroaches
  11 goblins
  4 hobgoblins
  8 quokkas
  7 ball pythons
  2 frilled lizards (D:1)
  17 kobolds
  9 rats
361 creatures vanquished.

Notes
Turn   | Place    | Note
-------+----------+-------------------------------------------
     0 | D:1      | senseless the Minotaur Fighter began the quest for the Orb.
     0 | D:1      | Reached XP level 1. HP: 19/19 MP: 0/0
   242 | D:1      | Reached XP level 2. HP: 27/27 MP: 1/1
   274 | D:1      | Found a faded altar of an unknown god.
   495 | D:1      | Became a worshipper of Uskayaw the Reveller
   495 | D:1      | Reached * piety under Uskayaw
   538 | D:1      | Reached ** piety under Uskayaw
   665 | D:2      | Reached *** piety under Uskayaw
   666 | D:2      | Reached **** piety under Uskayaw
   801 | D:2      | Reached XP level 3. HP: 30/33 MP: 2/2
  1307 | D:3      | Reached XP level 4. HP: 37/41 MP: 3/3
  1368 | D:3      | Noticed Grinder
  1369 | D:3      | Paralysed by Grinder for 2 turns
  1374 | D:3      | Killed Grinder
  1375 | D:3      | Reached skill level 5 in Fighting
  1375 | D:3      | Reached skill level 5 in Armour
  1375 | D:3      | Reached XP level 5. HP: 27/48 MP: 4/4
  1375 | D:3      | Reached XP level 6. HP: 31/56 MP: 5/5
  1951 | D:3      | Noticed Robin
  1966 | D:3      | Killed Robin
  2376 | D:4      | Reached skill level 5 in Axes
  2548 | D:4      | Noticed Blork the orc
  2550 | D:4      | Found a sand-covered staircase.
  2555 | D:4      | Killed Blork the orc
  2572 | Ossuary  | Entered an ossuary
  2815 | Ossuary  | Reached XP level 7. HP: 63/63 MP: 6/6
  3658 | D:5      | Entered Level 5 of the Dungeon
  3750 | D:5      | Reached ***** piety under Uskayaw
  4046 | D:5      | Found Warinuru's Antique Armour Emporium.
  4050 | D:5      | Reached XP level 8. HP: 73/73 MP: 7/7
  4311 | D:5      | Noticed Ijyb
  4319 | D:5      | Killed Ijyb
  5396 | D:6      | Noticed Maggie
  5432 | D:6      | Paralysed by Maggie for 2 turns
  5441 | D:6      | Paralysed by Maggie for 6 turns
  5450 | D:6      | Killed Maggie
  5451 | D:6      | Reached XP level 9. HP: 19/82 MP: 8/8
  6254 | D:7      | Found a staircase to the Ecumenical Temple.
  6279 | Temple   | Entered the Ecumenical Temple
  6374 | Temple   | Fell from the grace of Uskayaw
  6374 | Temple   | Became a worshipper of the Shining One
  7093 | D:7      | Identified the +0 ring mail "Nunes" {+Blink rC++ Regen+
                  | Int+3}
  7619 | D:7      | Reached skill level 10 in Fighting
  7619 | D:7      | Reached skill level 10 in Armour
  7665 | D:7      | Found an iron altar of Okawaru.
  7911 | D:8      | Noticed a troll
  7917 | D:8      | Killed a troll
  7918 | D:8      | Reached skill level 5 in Shields
  8028 | D:8      | Reached skill level 10 in Axes
  8458 | D:9      | Reached XP level 10. HP: 94/94 MP: 9/9
  8585 | D:9      | Noticed Pikel
  8603 | D:9      | Killed Pikel
  8643 | D:9      | Found a faded altar of an unknown god.
  8659 | D:9      | Noticed bmj180's ghost (journeyman DrCj)
  8662 | D:9      | Noticed Psyche
  8668 | D:9      | Killed Psyche
  9184 | D:9      | Found Zeniag's Changing Room.
  9252 | D:9      | Found a transporter.
  9257 | D:9      | Found a transporter.
  9331 | D:10     | Entered Level 10 of the Dungeon
  9331 | D:10     | Found a portal to a secret trove of treasure.
  9634 | D:10     | Noticed a gargoyle
  9634 | D:10     | Reached * piety under the Shining One
  9682 | D:10     | Killed a gargoyle
  9944 | D:10     | Reached XP level 11. HP: 72/104 MP: 10/10
 10073 | D:10     | Noticed a two-headed ogre
 10081 | D:10     | Killed a two-headed ogre
 10310 | D:10     | Found a staircase to the Lair.
 10313 | D:10     | Noticed a death yak
 10316 | D:10     | Noticed a death yak
 10321 | D:10     | Noticed a death yak
 10355 | D:10     | Killed a death yak
 10375 | D:10     | Killed a death yak
 10378 | D:10     | HP: 5/104 [death yak (19)]
 10383 | D:10     | The Shining One protects you from harm!
 10390 | D:10     | Killed a death yak
 10767 | D:10     | Identified a scroll of acquirement
 10767 | D:10     | Acquired a +2 broad axe of electrocution
 11403 | D:11     | Found a staircase to the Orcish Mines.
 11429 | D:11     | Noticed a red ugly thing
 11437 | D:11     | Killed a red ugly thing
 11814 | D:11     | Noticed a four-headed hydra
 11825 | D:11     | Killed a four-headed hydra
 11928 | D:11     | Was forgiven by Uskayaw
 11967 | D:11     | Found a stormy altar of Qazlal.
 12751 | D:12     | Noticed a deep elf pyromancer
 12758 | D:12     | Killed a deep elf pyromancer
 12935 | D:12     | Reached XP level 12. HP: 105/115 MP: 11/11
 12983 | D:12     | Noticed a two-headed ogre
 12987 | D:12     | Killed a two-headed ogre
 13092 | D:12     | Reached ** piety under the Shining One
 13098 | D:12     | Reached skill level 10 in Shields
 13448 | D:12     | Noticed a four-headed hydra
 13458 | D:12     | Killed a four-headed hydra
 13460 | D:12     | Upgraded the game from 0.28-a0-580-ga2639ab843 to
                  | 0.28-a0-628-g3c9886e45e
 13792 | D:12     | Found Xoasorphyl's General Store.
 14050 | D:13     | Noticed a tengu warrior
 14059 | D:13     | Killed a tengu warrior
 14066 | D:13     | Noticed a four-headed hydra
 14068 | D:13     | Got the Tome of Dusty Transformation
 14084 | D:13     | Killed a four-headed hydra
 14125 | D:13     | Noticed a four-headed hydra
 14137 | D:13     | Killed a four-headed hydra
 14149 | D:13     | Noticed yegreS's ghost (journeyman MiFi)
 14152 | D:13     | Found a runed translucent door.
 14546 | D:13     | Noticed an eight-headed hydra
 14594 | Orc:1    | Entered Level 1 of the Orcish Mines
 14784 | Orc:1    | Noticed an orc high priest
 14798 | Orc:1    | Killed an orc high priest
 14846 | Orc:2    | Entered Level 2 of the Orcish Mines
 14883 | Orc:2    | Found a dark tunnel.
 14895 | Volcano  | Entered a volcano
 14911 | Volcano  | Noticed a centaur warrior
 14918 | Volcano  | Found a radiant altar of Vehumet.
 14937 | Volcano  | Reached *** piety under the Shining One
 14940 | Volcano  | Killed a centaur warrior
 14941 | Volcano  | Reached XP level 13. HP: 92/125 MP: 12/12
 15160 | Orc:2    | Noticed an orc warlord
 15173 | Orc:2    | Slain by an orc warlord

Illustrated notes

Levels and vault maps discovered:
D:1:      zelgadis_glass_arrival_small, layout_loops_ring,
          shapermc_ecumenical_altar_ellora
D:2:      layout_rooms, grunt_ministairs_7
D:3:      layout_basic, uniq_robin, uniq_grinder
D:4:      layout_rooms, portal_sewer_entry_f,
          nicolae_ossuary_entry_false_entrances, uniq_blork_the_orc
D:5:      layout_loops_ring, serial_shops, shop, uniq_ijyb
D:6:      layout_rooms, kennysheep_minor_cross, grunt_ministairs_15, uniq_maggie
D:7:      layout_loops_cross, okawaru_humans, minmay_temple_entry_trees,
          grunt_ogre_cave
D:8:      layout_basic
D:9:      layout_cave_pools, serial_column_ruins, column_ruins_temple_hall,
          column_ruins_corridor_straight, column_ruins_grid_1,
          column_ruins_open_large, column_ruins_columns_dead_end,
          column_ruins_columns_corner, gammafunk_ghost_hive,
          grunt_ministairs_12, nicolae_transmutations_shop, uniq_psyche,
          uniq_pikel
D:10:     layout_loops_corners, dpeg_lair_monsters, enter_trove_2
D:11:     layout_basic, orc_0_dummy, nicolae_qazlal_eye_of_the_storm
D:12:     layout_stronghold, serial_co_window_serial, co_window_corner_a,
          co_window_of_opportunity_a, co_window_paths_b, co_window_corner_a,
          co_window_corner_a, co_window_of_opportunity_b, co_window_corner_b,
          co_window_broadway_c, co_window_corner_b, co_window_sun,
          glass_columns_a, glass_columns_b, serial_shops,
          nicolae_shop_behind_doors
D:13:     layout_basic, hellmonk_ghost_happy_afterlife, special_room
          [special_room_bee], roderic_batcave
Temple:   minmay_crystal_snake_temple
Orc:1:    layout_diamond_mine, basic_altar, kennysheep_orc_chapel
Orc:2:    kennysheep_orc_mage_school, layout_diamond_mine,
          nicolae_volcano_entry_batcave

Skill      XL: |  1  2  3  4  5  6  7  8  9 10 11 12 |
---------------+-------------------------------------+-----
Armour         | 4 5 6 7 8 10 11 13 14 | 14.4
Shields        | 4 5 7 9 11 | 11.7
Fighting       | 4 5 6 7 8 10 11 13 14 | 14.4
Axes           | 3 4 5 6 8 10 11 12 14 | 14.2

Action                   |  1- 3 |  4- 6 |  7- 9 | 10-12 | 13-15 || total
-------------------------+-------+-------+-------+-------+-------++-------
Melee: War axe           |    65 |    52 |   170 |       |       ||   287
       Headbutt          |     9 |     9 |    46 |   108 |     4 ||   176
       Spear             |       |       |   182 |   302 |       ||   484
       Broad axe         |       |       |       |   229 |    20 ||   249
Invok: Divine Shield     |       |       |       |     1 |       ||     1
  Use: Potion            |       |     1 |     2 |     9 |       ||    12
       Scroll            |       |     8 |     2 |    13 |       ||    23
 Stab: Paralysed         |     2 |     4 |    13 |       |       ||    19
       Fleeing           |       |       |     1 |       |       ||     1
Armor: Scale mail        |    37 |    43 |    52 |       |       ||   132
       Steam dragon scal |       |       |    24 |       |       ||    24
       Ring mail         |       |       |    11 |    29 |       ||    40
       Quicksilver drago |       |       |       |   139 |       ||   139
       Plate armour      |       |       |       |    54 |    12 ||    66
Dodge: Dodged            |    38 |    30 |   196 |   295 |    15 ||   574
       Repelled          |       |       |     2 |     4 |       ||     6
Block: Buckler           |     6 |    10 |    59 |       |       ||    75
       Kite shield       |       |       |    26 |   285 |    25 ||   336

Table legend: (Time is in decaauts)
 A = Elapsed time spent in this place.
 B = Non-inter-level travel time spent in this place.
 C = Inter-level travel time spent in this place.
 D = Time resting spent in this place.
 E = Time spent auto-exploring this place.
 F = Levels seen in this place.
 G = Mean time per level.
                   A        B        C        D        E       F      G
               +--------+--------+--------+--------+--------+-----+--------+
         Total |  15204 |  14654 |    550 |   1118 |  11210 |  18 |  844.7 |
       Dungeon |  13939 |  13461 |    478 |   1118 |  10312 |  13 | 1072.2 |
        Temple |    137 |     96 |     41 |      0 |     81 |   1 |  137.0 |
  Orcish Mines |    399 |    369 |     30 |      0 |    266 |   2 |  199.5 |
       Ossuary |    549 |    549 |      0 |      0 |    487 |   1 |  549.0 |
       Volcano |    178 |    178 |      0 |      0 |     64 |   1 |  178.0 |
               +--------+--------+--------+--------+--------+-----+--------+

Top non-repeatable levels by time:
     D:6: 1800 daAuts
    D:10: 1603 daAuts
    D:11: 1503 daAuts
    D:12: 1431 daAuts
     D:5: 1186 daAuts
     D:3: 1097 daAuts
     D:9: 1088 daAuts
     D:7: 941 daAuts
     D:4: 807 daAuts
     D:8: 793 daAuts
     D:1: 639 daAuts
     D:2: 615 daAuts
 Ossuary: 549 daAuts
    D:13: 431 daAuts
   Orc:1: 251 daAuts
